 Dungeon Crawl Stone Soup version 0.23.0 (webtiles) character file.

Game seed: 17553049615532993458

690339 loopi the Sorcerer (level 27, -7/248 HPs)
             Began as a Deep Dwarf Wanderer on Feb 19, 2019.
             Was the Champion of Makhleb.
             Mangled by an Orb Guardian (22 damage)
             ... on level 9 of the Dungeon on Feb 23, 2019.
             The game lasted 14:22:06 (89693 turns).

loopi the Sorcerer (Deep Dwarf Wanderer)           Turns: 89693, Time: 14:22:06

Health: -7/248     AC: 24    Str: 24 (25) XL:     27
Magic:  1/6        EV: 23    Int: 17      God:    Makhleb [******]
Gold:   854        SH:  0    Dex: 15      Spells: 69/72 levels left

rFire    + . .     SeeInvis .   l - +4 great sword (holy)
rCold    + + .     Gourm    .   (shield currently unavailable)
rNeg     + . .     Faith    .   E - +0 storm dragon scales
rPois    .         Spirit   .   (no helmet)
rElec    +         Reflect  .   C - scarf {rC+ rF+}
rCorr    .         Harm     .   i - +2 pair of gloves {Str+3}
MR       +++++     Clarity  +   q - +2 pair of boots Stlth ..........Rnd*Tele +
                                R - amulet of rage
HPRegen  0.00/turn              p - ring of protection from cold
MPRegen  0.10/turn              B - +5 ring of evasion

@: berserk cooldown, non-regenerating, slowed, glowing, very slow
A: damage resistance, heal wounds, clarity, deterioration 1, magic resistance 1,
negative energy resistance 1, sense surroundings 3, screaming 2, teleportitis 1,
no potion heal 1, subdued magic 2, no regeneration
0: Orb of Zot
}: 3/15 runes: serpentine, barnacled, silver
a: Heal Wounds, Minor Destruction, Lesser Servant of Makhleb, Major Destruction,
Greater Servant of Makhleb, Renounce Religion, Evoke Berserk Rage


You were on level 9 of the Dungeon.
You worshipped Makhleb.
Makhleb was exalted by your worship.
You were not hungry.

You visited 11 branches of the dungeon, and saw 51 of its levels.
You also visited: Trove and Wizlab.

You collected 9478 gold pieces.
You spent 8624 gold pieces at shops.

Inventory:

Hand Weapons
 b - the +18 lance "Wyrmbane" {slay drac, rPois rF+ rC+ AC+3}
   (You found it on level 3 of the Depths)

   It affects your AC (+3).
   It protects you from fire.
   It protects you from cold.
   It protects you from poison.
 l - a +4 great sword of holy wrath (weapon)
 n - a +5 arbalest of velocity
 x - the +7 great sword of Greed {slice, Dex+8}
   (You took it off a deep elf demonologist on level 3 of the Elven Halls)

   It inflicts extra damage upon your enemies.
   It affects your dexterity (+8).
 M - a +6 great sword of freezing
 S - a +3 great sword of flaming
 V - a +4 arbalest of freezing
Missiles
 c - 1918 bolts
 j - 7 javelins of returning
 G - 44 javelins
 Y - 3 throwing nets (quivered)
Armour
 d - a scarf of repulsion
 i - a +2 pair of gloves of strength (worn)
 q - a +2 pair of boots (worn)
 y - a scarf of cloud immunity
 C - a scarf of resistance (worn)
 E - +0 storm dragon scales (worn)
 W - a +1 helmet
Jewellery
 h - a +5 ring of protection
 m - an uncursed ring of see invisible
 p - a ring of protection from cold (left hand)
 t - the ring of Maor {+Inv +Fly}
   (You took it off a tengu warrior on level 3 of the Depths)

   [ring of flight]

   It lets you turn invisible.
   It lets you fly.
 B - a +5 ring of evasion (right hand)
 D - the ring "Jypnibua" {Fire +Inv rN+}
   (You bought it in a shop on level 2 of the Depths)

   [ring of fire]

   It enhances your fire magic.
   It protects you from fire.
   It makes you vulnerable to cold.
   It protects you from negative energy.
   It lets you turn invisible.
 H - an uncursed ring of resist corrosion
 R - an amulet of rage (around neck)
 T - the ring "Qezxext" {+Fly rPois MR+}
   (You took it off a frost giant on level 3 of the Depths)

   [ring of flight]

   It protects you from poison.
   It affects your resistance to hostile enchantments.
   It lets you fly.
Wands
 r - a wand of paralysis (5)
 u - a wand of digging (5)
 A - a wand of disintegration (30)
 F - a wand of acid (2)
 O - a wand of enslavement (6)
Scrolls
 a - 24 scrolls of identify
 e - a scroll of fog
 s - a scroll of fear
 v - 9 scrolls of teleportation
 w - 24 scrolls of remove curse
 K - 9 scrolls of immolation
 Z - 4 scrolls of noise
Potions
 g - a potion of curing
 z - 14 potions of brilliance
 N - a potion of cancellation
Miscellaneous
 I - a phial of floods
 J - 3 sacks of spiders
 L - a lamp of fire
 P - a lightning rod (4/4)
Comestibles
 f - 47 rations


   Skills:
 - Level 15.0 Fighting
   Level 4.0(13.4) Short Blades
 - Level 20.4(20.5) Long Blades
 - Level 13.3 Polearms
 - Level 18.4 Crossbows
 - Level 12.0 Throwing
 - Level 15.0 Armour
 - Level 16.0 Dodging
 - Level 3.1 Stealth
 - Level 1.7 Unarmed Combat
 + Level 23.1 Spellcasting
 - Level 5.0 Translocations
   Level 1.0 Ice Magic
 - Level 20.5 Invocations
 - Level 14.3 Evocations


You had 69 spell levels left.
You knew the following spells:

 Your Spells              Type           Power        Failure   Level  Hunger
a - Blink                 Tloc           N/A          1%          2    None
b - Apportation           Tloc           ###...       1%          1    None

Your spell library contained the following spells:

 Spells                   Type           Power        Failure   Level  Hunger
 Gell's Gravitas          Tloc           ###.......   1%          3    None
 Lesser Beckoning         Tloc           ###.......   1%          3    None
 Teleport Other           Tloc           ###.....     1%          3    None
 Shroud of Golubria       Chrm/Tloc      ###.......   2%          2    None
 Freeze                   Ice            ##..         3%          1    None
 Animate Skeleton         Necr           N/A          6%          1    None
 Confusing Touch          Hex            ##....       6%          1    None
 Corona                   Hex            ##.....      6%          1    None
 Infusion                 Chrm           ##..         6%          1    None
 Magic Dart               Conj           ##..         6%          1    None
 Sandblast                Erth           ##....       6%          1    None
 Shock                    Conj/Air       ##..         6%          1    None
 Summon Butterflies       Summ           ##......     6%          1    None
 Summon Small Mammal      Summ           ##..         6%          1    None
 Recall                   Summ/Tloc      N/A          6%          3    None
 Ensorcelled Hibernation  Hex/Ice        ##....       8%          2    None
 Throw Frost              Conj/Ice       ##....       8%          2    None
 Call Imp                 Summ           ##......     10%         2    None
 Passwall                 Tmut/Erth      ##......     10%         2    None
 Poisonous Vapours        Pois/Air       ##....       10%         2    None
 Searing Ray              Conj           ##....       10%         2    None
 Song of Slaying          Chrm           ##......     10%         2    None
 Swiftness                Chrm/Air       ##......     10%         2    None
 Ozocubu's Armour         Chrm/Ice       ##......     16%         3    None
 Call Canine Familiar     Summ           ##......     21%         3    None
 Confuse                  Hex            ##......     21%         3    None
 Conjure Flame            Conj/Fire      ##......     21%         3    None
 Dazzling Spray           Conj/Hex       ##....       21%         3    None
 Ignite Poison            Fire/Tmut/Pois ##......     21%         3    None
 Inner Flame              Hex/Fire       ##......     21%         3    None
 Mephitic Cloud           Conj/Pois/Air  ##......     21%         3    None
 Spectral Weapon          Hex/Chrm       ##......     21%         3    None
 Static Discharge         Conj/Air       ##......     21%         3    None
 Stone Arrow              Conj/Erth      ##....       21%         3    None
 Summon Guardian Golem    Hex/Summ       ##......     21%         3    None
 Tukima's Dance           Hex            ##......     21%         3    None
 Force Lance              Conj/Tloc      ###.....     24%         4    None
 Summon Ice Beast         Ice/Summ       ##......     50%         4    None
 Throw Icicle             Conj/Ice       ##......     50%         4    None
 Airstrike                Air            ##........   58%         4    None
 Animate Dead             Necr           N/A          58%         4    None
 Cause Fear               Hex            ##........   58%         4    None
 Fulminant Prism          Conj/Hex       ##........   58%         4    None
 Iskenderun's Mystic Bla  Conj           ##......     58%         4    None
 Leda's Liquefaction      Hex/Erth       ##........   58%         4    None
 Petrify                  Tmut/Erth      ##......     58%         4    None
 Summon Lightning Spire   Summ/Air       ##......     58%         4    None
 Metabolic Englaciation   Hex/Ice        ##........   87%         5    #......
 Alistair's Intoxication  Tmut/Pois      ##......     91%         5    #......
 Bolt of Magma            Conj/Fire/Erth ##........   91%         5    #......
 Borgnjor's Vile Clutch   Necr/Erth      ##........   91%         5    #......
 Lee's Rapid Deconstruct  Erth           ##........   91%         5    #......
 Lightning Bolt           Conj/Air       ##........   91%         5    #......
 Silence                  Hex/Air        ##........   91%         5    #......
 Summon Mana Viper        Hex/Summ       ##......     91%         5    #......
 Yara's Violent Unravell  Hex/Tmut       ##........   91%         5    #......
 Bolt of Fire             Conj/Fire      ##........   100%        6    ####...
 Conjure Ball Lightning   Conj/Air       ##........   100%        6    ####...
 Darkness                 Hex            ##........   100%        6    ####...
 Death Channel            Necr           ##........   100%        6    ####...
 Deflect Missiles         Chrm/Air       ##........   100%        6    ####...
 Freezing Cloud           Conj/Ice/Air   ##........   100%        6    ####...
 Invisibility             Hex            ##......     100%        6    ####...
 Iron Shot                Conj/Erth      ##........   100%        6    ####...
 Shadow Creatures         Summ           N/A          100%        6    ####...
 Simulacrum               Ice/Necr       ##........   100%        6    ####...
 Statue Form              Tmut/Erth      ##.......    100%        6    ####...
 Haunt                    Necr/Summ      ##........   100%        7    ######.
 Ring of Flames           Chrm/Fire      ##........   100%        7    ######.
 Summon Hydra             Summ           ##........   100%        7    ######.
 Borgnjor's Revivificati  Necr           ##........   100%        8    #######
 Death's Door             Chrm/Necr      ##........   100%        8    #######
 Discord                  Hex            ##........   100%        8    #######
 Infestation              Necr           ##........   100%        8    #######
 Necromutation            Tmut/Necr      ##........   100%        8    #######
 Shatter                  Erth           ##........   100%        9    #######
 Tornado                  Air            ##........   100%        9    #######
 Passage of Golubria      Tloc           Unusable     N/A         4    N/A
 Regeneration             Chrm/Necr      Unusable     N/A         3    N/A

Dungeon Overview and Level Annotations

Branches:
Dungeon (15/15)            Temple (1/1) D:5            Lair (6/6) D:10
 Shoals (4/4) Lair:4        Snake (4/4) Lair:4        Slime (0/5) Lair:6
    Orc (2/2) D:10            Elf (3/3) Orc:2        Vaults (5/5) D:13
  Crypt (0/3) Vaults:3     Depths (5/5) D:15           Hell (1/1)
    Zot (5/5) Depths:5
    Dis: Hell:1         Geh: Hell:1         Coc: Hell:1         Tar: Hell:1

Altars:
Ashenzari
Cheibriados
Dithmenos
Elyvilon
Fedhas
Gozag
Hepliaklqana
Kikubaaqudgha
Makhleb
Nemelex Xobeh
Okawaru
Qazlal
Ru
Sif Muna
Trog
Uskayaw
Vehumet
Wu Jian
Xom
Yredelemnul
Zin
Beogh

Shops:
D:5 !   Orc:2 *:(   Elf:1 =[*   Elf:2 %   Elf:3 [   Snake:1 *   Snake:3 (
Vaults:2 =   Vaults:4 *   Depths:2 [}=:}[*   Depths:5 [

Portals:
Hell: Depths:1 Depths:2 Depths:3 Depths:4 Depths:5
Abyss: Depths:2 Depths:3 Depths:4
Pandemonium: Depths:3
Ziggurat: Depths:5

Annotations:
D:9 exclusion: downstairs
Lair:1 exclusion: oklob plant
Lair:3 exclusion: downstairs
Lair:4 bees east
Snake:2 1 runed translucent door, exclusion: downstairs, Xitaol's ghost, adept SpEn
Orc:1 1 transporter
Elf:1 exclusion: downstairs
Elf:2 3 runed translucent doors, exclusion: downstairs
Depths:3 2 runed translucent doors, exclusion: upstairs
Zot:1 exclusion: downstairs


Innate Abilities, Weirdness & Mutations

You are resistant to damage.
You can heal yourself by infusing magical energy.
You resist negative energy. (rN+)
You passively map a large area around you.
You do not regenerate.
You possess an exceptional clarity of mind.
Your body sometimes deteriorates upon taking damage.
You are resistant to hostile enchantments. (MR+)
You sometimes yell uncontrollably at your foes.
You are occasionally teleported next to monsters.
Potions are less effective at restoring your health.
Your spells are easier to cast, but less powerful.


Message History

The cherub burns you. The cherub completely misses you.
You slash the blizzard demon!
The blizzard demon convulses.
The blizzard demon is moderately wounded.
The blizzard demon waves its arms in wide circles.
The air twists around and strikes you!
* * * LOW HITPOINT WARNING * * *
You closely miss the blizzard demon.
The blizzard demon is moderately wounded.
The blizzard demon hits you!
* * * LOW HITPOINT WARNING * * *
The blizzard demon hits you!
* * * LOW HITPOINT WARNING * * *
The cherub hits you with a +2 scimitar of flaming!
* * * LOW HITPOINT WARNING * * *
The cherub burns you.
The cherub pecks you but does no damage.
You slice the blizzard demon!!
The blizzard demon convulses!
The blizzard demon is almost dead.
The Orb Guardian hits you!!
You die...

≈≈ ≈≈≈≈≈≈#...........#≈≈≈≈≈≈
≈≈≈≈≈≈≈≈≈≈≈≈≈≈#...........#≈≈≈≈≈≈
≈≈≈≈≈≈≈≈≈≈≈≈≈≈#.).........#≈≈≈≈≈≈
≈≈≈≈≈≈≈≈≈≈≈≈≈≈#....<......#≈≈≈≈≈≈
≈≈≈≈≈≈≈≈≈≈≈≈≈≈#...........#≈≈≈≈≈≈
≈≈≈≈≈≈≈≈≈≈≈≈≈≈##(#........#≈≈≈≈≈≈
################_#........#######
...............#A#..(...........<
................@2X..............
...............X.................
.....................(...........
..........................<......
................(..........).....
........................[........
.................................
.................................
.................................


You could see 2 Orb Guardians, a cherub and a blizzard demon.

Vanquished Creatures
  9 orbs of fire
  2 juggernauts
  6 ancient liches
  3 Killer Klowns (Zot:5)
  Geryon (Hell)
  5 caustic shrikes (Depths:3)
  4 golden dragons
  A bone dragon (Zot:1)
  Jory (Depths:4)
  The ghost of TrashTierHero the Severer, a veteran FoFi of Ru (Vaults:4)
  A Brimstone Fiend (Depths:1)
  A pandemonium lord (D:9)
  3 electric golems
  27 tentacled monstrosities
  7 liches
  25 Orb Guardians
  9 quicksilver dragons
  2 deep elf blademasters (Elf:3)
  3 krakens
  An Executioner (Zot:2)
  An acid blob (shapeshifter) (Depths:4)
  11 titans
  Frances (Shoals:1)
  A deep elf master archer (Elf:3)
  8 sphinxes
  Polyphemus (Shoals:4)
  Kirke (Shoals:1)
  12 death cobs
  A shadow dragon (shapeshifter) (Depths:4)
  An eldritch tentacle (WizLab)
  A storm dragon (shapeshifter) (Depths:4)
  4 draconian monks
  8 shadow dragons
  30 storm dragons
  12 tengu reavers
  11 nagarajas (Snake:4)
  13 frost giants
  14 fire giants
  10 deep elf sorcerers
  22 vault wardens
  6 ghost moths
  2 orc warlords
  9 draconian knights
  A corrupter (D:10)
  4 draconian scorchers
  4 iron dragons
  3 draconian shifters
  11 ironheart preservers
  4 deep elf elementalists
  3 draconian stormcallers
  4 draconian annihilators
  21 very ugly things
  23 stone giants
  4 war gargoyles
  7 vampire knights
  5 reapers
  11 black draconians
  3 entropy weavers
  6 grey draconians
  Azrael (D:12)
  9 green draconians
  10 deep elf demonologists
  4 purple draconians
  8 red draconians
  12 deep elf annihilators
  4 spark wasps (Depths:4)
  12 yellow draconians
  9 white draconians
  3 crystal guardians
  A blizzard demon (WizLab)
  36 ettins
  3 deep elf death magi
  3 merfolk javelineers
  10 merfolk impalers
  Josephine (D:10)
  4 fire dragons
  10 deep elf high priests
  17 ogre magi
  7 great orbs of eyes
  14 yaktaur captains
  6 ice dragons
  A hydra (shapeshifter) (Depths:4)
  Harold (D:8)
  37 vault guards
  3 hydras
  7 rakshasas
  17 naga warriors
  5 merfolk avatars
  8 spriggan air magi
  A catoblepas (Shoals:4)
  2 death yaks (Shoals:4)
  5 merfolk aquamancers
  10 centaur warriors
  A queen ant (shapeshifter) (Depths:2)
  Erica (D:8)
  15 anacondas
  An alligator snapping turtle (Shoals:4)
  6 tengu warriors (Depths:3)
  33 two-headed ogres
  2 satyrs
  20 dancing weapons
  Urug (D:9)
  6 deep troll shamans
  12 deep troll earth magi
  12 shock serpents
  2 hell hogs (Depths:1)
  23 naga sharpshooters
  8 orc high priests
  4 spriggan berserkers
  A thrashing horror (WizLab)
  A sun demon (Depths:3)
  A titan zombie (Vaults:4)
  14 deep elf knights
  A soul eater (D:9)
  An anaconda zombie (Hell)
  3 shadow wraiths
  A fire crab (shapeshifter) (Vaults:4)
  4 iron trolls
  3 unseen horrors
  4 salamander mystics
  18 sea snakes
  9 skeletal warriors
  17 deep trolls
  7 flayed ghosts
  A gelid demonspawn (Zot:5)
  A wizard (Vaults:3)
  3 glowing orange brains
  4 phantasmal warriors (Vaults:5)
  13 hell knights
  28 deep elf archers
  5 naga ritualists
  A tengu zombie (Vaults:2)
  Pikel (D:8)
  An obsidian statue (WizLab)
  10 orc knights
  5 necromancers
  12 ironbrand convokers
  15 harpies
  49 deep elf magi
  12 mana vipers
  47 ugly things
  A wolf spider (Vaults:5)
  A frost giant zombie (Vaults:4)
  15 manticores
  5 orc sorcerers
  A draconian (Zot:2)
  17 fauns
  A faun (shapeshifter) (Depths:4)
  An elephant (shapeshifter) (Depths:2)
  A stone giant skeleton (Vaults:1)
  A cyclops (shapeshifter) (Vaults:2)
  A salamander (shapeshifter) (Depths:1)
  26 moths of wrath
  3 worldbinders (WizLab)
  12 elephants
  A moth of wrath (shapeshifter) (Depths:4)
  14 salamanders
  7 merfolk sirens
  23 naga magi
  2 black mambas (shapeshifter)
  5 centaur zombies
  10 cyclopes
  6 guardian serpents
  A smoke demon (Hell)
  16 vault sentinels
  35 black mambas
  2 rust devils (Depths:3)
  4 water nymphs
  A water nymph (shapeshifter) (Depths:4)
  2 orange demons
  A gargoyle (D:11)
  22 spiny frogs
  A yaktaur zombie (Vaults:1)
  9 freezing wraiths
  A rime drake (Lair:5)
  A hellion (Depths:5)
  2 hellwings (Depths:2)
  8 komodo dragons
  2 efreet
  57 yaktaurs
  30 merfolk
  An ancient zyme (WizLab)
  14 trolls
  A merfolk (shapeshifter) (Depths:5)
  5 meliai
  A queen bee (shapeshifter) (Vaults:5)
  A yaktaur skeleton (WizLab)
  A tengu conjurer (Depths:3)
  A jumping spider (Vaults:2)
  A polar bear (Lair:5)
  A tyrant leech (shapeshifter) (Vaults:5)
  3 hornets
  A hornet (shapeshifter) (Vaults:2)
  9 red devils
  7 wind drakes
  A tengu simulacrum (Vaults:2)
  9 snapping turtles
  9 hippogriffs
  16 dream sheep
  17 blink frogs
  A frost giant simulacrum (Vaults:2)
  3 snapping turtles (shapeshifter)
  2 tyrant leeches (Lair:6)
  A hippogriff (shapeshifter) (Vaults:4)
  9 slime creatures
  A spriggan (shapeshifter) (Depths:2)
  4 redbacks
  15 water elementals
  6 wraiths
  A shadow (D:15)
  2 tarantellas (shapeshifter)
  4 air elementals
  A human (shapeshifter) (Elf:2)
  A yak (shapeshifter) (Depths:4)
  A tarantella (Vaults:3)
  6 fire elementals
  3 basilisks
  34 yaks
  2 wyverns
  2 hogs (Shoals:1)
  9 vampire mosquitoes
  2 hungry ghosts (D:8)
  A human (D:9)
  2 human simulacra
  An ogre zombie (Vaults:1)
  14 wargs
  2 steam dragons
  79 nagas
  An acid dragon (shapeshifter) (Vaults:5)
  A spatial vortex (WizLab)
  14 water moccasins
  3 acid dragons
  21 hell hounds
  A floating eye (Depths:5)
  5 porcupines
  A slave (D:8)
  33 orc warriors
  2 ice beasts
  A black bear (D:8)
  3 sky beasts
  2 phantoms
  3 eyes of draining
  A necrophage (D:5)
  31 ogres
  25 wolves
  7 boggarts
  11 centaurs
  9 crocodiles
  A human zombie (Vaults:1)
  20 bullfrogs
  3 earth elementals (Elf:2)
  2 wyvern zombies (D:8)
  A human skeleton (Vaults:2)
  An ogre simulacrum (Vaults:1)
  A wyvern skeleton (D:7)
  6 scorpions
  13 killer bees
  14 wights
  5 howler monkeys
  9 electric eels
  10 crimson imps
  A bullfrog zombie (D:5)
  4 jellies
  A quasit (D:8)
  3 bullfrog skeletons
  6 centaur skeletons
  11 hounds
  16 orc wizards
  34 orc priests
  Jessica (D:2)
  4 iguanas
  6 worker ants
  5 hell rats
  A hound skeleton (D:6)
  5 gnolls
  15 adders
  2 shadow imps
  An ooze (shapeshifter) (Depths:3)
  An ooze (D:1)
  An adder zombie (D:5)
  4 worms
  5 dart slugs
  6 leopard geckos
  96 orcs
  7 giant cockroaches
  8 goblins
  5 hobgoblins
  12 jackals
  5 quokkas
  4 ball pythons
  4 bats
  9 frilled lizards
  A jackal zombie (D:7)
  2 kobolds
  A leopard gecko skeleton (D:5)
  A leopard gecko zombie (D:5)
  A quokka skeleton (D:4)
  6 rats
  A fungus (Lair:6)
  2 plants
  9 tentacles
2352 creatures vanquished.

Vanquished Creatures (collateral kills)
  An orb of fire (Zot:5)
  Mennas (Vaults:5)
  A juggernaut (Zot:2)
  Vashnia (Snake:2)
  A deep elf blademaster (Elf:3)
  An ironheart preserver (Vaults:4)
  2 deep elf annihilators
  A red draconian (Zot:1)
  2 merfolk impalers (Shoals:4)
  4 hydras
  A vault guard (Vaults:5)
  3 two-headed ogres
  2 merfolk aquamancers
  A dancing weapon (Elf:2)
  An ogre mage (Vaults:1)
  A tengu warrior (Depths:3)
  An anaconda (Snake:2)
  3 naga sharpshooters (Snake:2)
  2 deep elf knights
  An orc knight (D:14)
  An ironbrand convoker (Vaults:5)
  A deep elf archer (Elf:2)
  A necromancer (Depths:3)
  3 ugly things (Vaults:1)
  6 deep elf magi
  A faun (Shoals:3)
  A moth of wrath (Zot:5)
  A merfolk siren (Shoals:2)
  3 elephants
  3 black mambas
  3 spiny frogs
  A water nymph (Shoals:4)
  A komodo dragon (Lair:3)
  A meliai (Lair:4)
  A tyrant leech (Lair:6)
  4 merfolk
  A blink frog (Lair:5)
  A hippogriff (D:14)
  2 yaks
  An acid dragon (Vaults:1)
  2 water moccasins
  An orc warrior (D:14)
  7 wolves (Lair:1)
  A bullfrog (Lair:1)
  A killer bee (Lair:4)
  2 orcs (D:14)
82 creatures vanquished.

Vanquished Creatures (others)
  2 draconian scorchers (Zot:1)
  A black draconian (Zot:1)
  Snorg (D:10)
  2 deep elf knights
  6 elephants (Lair:6)
  A yaktaur (Depths:2)
  3 trolls
  2 nagas (Snake:3)
  2 slaves (D:8)
  A bullfrog (D:10)
  2 killer bees (D:8)
  2 orc priests (D:10)
  An iguana (D:10)
  2 worker ants (D:10)
  3 orcs
  4 jackals (D:8)
  12 fungi
  A lurking horror (WizLab)
  66 plants
  115 tentacles
229 creatures vanquished.

Grand Total: 2663 creatures vanquished

Notes
Turn   | Place    | Note
-------+----------+-------------------------------------------
     0 | D:1      | loopi the Deep Dwarf Wanderer began the quest for the Orb.
     0 | D:1      | loopi set off with the following items: a +2 dagger, a
                  | scroll of blinking, a wand of random effects (15), a +0
                  | robe, a ration; and the following spell memorised:
                  | Sandblast; and the following spells available to memorise:
                  | Stone Arrow
     0 | D:1      | Reached XP level 1. HP: 18/18 MP: 3/3
    48 | D:1      | Reached skill level 1 in Short Blades
    85 | D:1      | Reached XP level 2. HP: 8/25 MP: 4/4
   627 | D:1      | Reached XP level 3. HP: 28/31 MP: 4/4
  1451 | D:2      | Noticed Jessica
  1454 | D:2      | Killed Jessica
  1454 | D:2      | Reached XP level 4. HP: 38/38 MP: 4/4
  1551 | D:2      | Found a shattered altar of Ashenzari.
  2165 | D:2      | You fall through a shaft!
  2945 | D:3      | Noticed a sky beast
  3083 | D:2      | Reached XP level 5. HP: 22/45 MP: 5/5
  3484 | D:4      | Noticed a centaur
  3511 | D:4      | Killed a centaur
  3521 | D:4      | Noticed a phantom
  3558 | D:4      | Got a pair of ichor-stained boots
  3566 | D:4      | Noticed an ogre
  3614 | D:3      | Killed a sky beast
  3614 | D:3      | Reached XP level 6. HP: 52/52 MP: 6/6
  3673 | D:3      | Identified the +1 pair of boots of Nant {Str-5 Int+2 Dex+4}
                  | (You found it on level 4 of the Dungeon)
  3969 | D:4      | Reached XP level 7. HP: 60/63 MP: 6/6
  4024 | D:5      | Entered Level 5 of the Dungeon
  5203 | D:4      | Reached skill level 5 in Fighting
  5257 | D:4      | Reached skill level 1 in Long Blades
  5376 | D:5      | Found Juipti's Distillery.
  5383 | D:5      | Bought a potion of ambrosia for 112 gold pieces
  5507 | D:5      | Found a staircase to the Ecumenical Temple.
  5512 | D:5      | Reached XP level 8. HP: 56/74 MP: 7/7
  5541 | Temple   | Entered the Ecumenical Temple
  5715 | Temple   | Became a worshipper of Makhleb the Destroyer
  6107 | D:6      | Reached skill level 5 in Long Blades
  6968 | D:7      | Found a sparkling altar of Nemelex Xobeh.
  6988 | D:7      | Found an iron altar of Okawaru.
  6990 | D:7      | Found a sacrificial altar of Ru.
  7077 | D:7      | Reached skill level 1 in Throwing
  7378 | D:7      | Reached * piety under Makhleb
  7378 | D:7      | Gained mutation: You passively map the area around you.
                  | [Deep Dwarf growth]
  7378 | D:7      | Reached XP level 9. HP: 61/81 MP: 7/7
  7550 | D:7      | Reached skill level 1 in Invocations
  7763 | D:8      | Noticed Pikel
  7783 | D:8      | Killed Pikel
  7807 | D:8      | Got a faintly humming leather armour
  7957 | D:8      | Reached ** piety under Makhleb
  7961 | D:8      | Reached skill level 5 in Evocations
  8112 | D:8      | Noticed Erica
  8133 | D:8      | Killed Erica
  8133 | D:8      | Reached XP level 10. HP: 59/88 MP: 12/12
  8439 | D:8      | Noticed Harold
  8469 | D:8      | Killed Harold
  8606 | D:8      | Reached skill level 10 in Evocations
  8913 | D:8      | Noticed a two-headed ogre
  9137 | D:9      | Found a basalt altar of Yredelemnul.
  9386 | D:10     | Entered Level 10 of the Dungeon
  9386 | D:10     | Noticed Snorg
  9461 | D:10     | Noticed Urug
  9462 | D:10     | Noticed a two-headed ogre
  9476 | D:9      | Killed Urug
  9600 | D:10     | Killed a two-headed ogre
  9600 | D:10     | Reached XP level 11. HP: 88/100 MP: 14/14
  9633 | D:10     | Noticed Josephine
  9694 | D:10     | Killed Josephine
  9696 | D:10     | Reached *** piety under Makhleb
  9718 | D:10     | Paralysed by a hornet for 1 turns
  9728 | D:10     | Paralysed by a hornet for 3 turns
  9938 | D:10     | Found a staircase to the Lair.
  9985 | D:10     | Found a staircase to the Orcish Mines.
  9989 | D:10     | Killed Snorg
 10408 | D:10     | Found a shimmering altar of Xom.
 10998 | D:11     | Noticed a two-headed ogre
 11005 | D:11     | Killed a two-headed ogre
 11452 | D:11     | Identified the cursed +0 leather armour "Gofoqugi" {*Slow
                  | MR+++ Str-5 Dex+10} (You found it on level 8 of the
                  | Dungeon)
 11487 | D:11     | Noticed a white ugly thing
 11506 | D:11     | Killed a white ugly thing
 11552 | D:11     | Noticed a brown ugly thing
 11562 | D:11     | Killed a brown ugly thing
 11765 | D:11     | Reached skill level 10 in Fighting
 12127 | D:11     | Noticed a red ugly thing
 12156 | D:11     | Killed a red ugly thing
 12243 | D:11     | Noticed a green ugly thing
 12250 | D:11     | Killed a green ugly thing
 12250 | D:11     | Reached skill level 10 in Long Blades
 12275 | D:11     | Reached XP level 12. HP: 116/116 MP: 13/13
 12305 | D:11     | Reached **** piety under Makhleb
 12910 | D:12     | Noticed Azrael
 12928 | D:12     | Killed Azrael
 13064 | D:12     | Identified a scroll of acquirement
 13417 | Lair:1   | Entered Level 1 of the Lair of Beasts
 13697 | Lair:1   | Noticed an eight-headed hydra
 13738 | Lair:1   | Killed an eight-headed hydra
 14642 | Lair:2   | Got a crystal quarterstaff
 14745 | Lair:2   | Noticed a six-headed hydra
 14754 | Lair:2   | Killed a three-headed hydra
 15298 | Lair:3   | Noticed a six-headed hydra
 15306 | Lair:3   | Killed a six-headed hydra
 15806 | Lair:3   | Reached XP level 13. HP: 123/123 MP: 14/14
 16374 | Lair:4   | Found a staircase to the Shoals.
 16570 | Lair:4   | Reached skill level 10 in Invocations
 16702 | Lair:4   | Reached skill level 5 in Armour
 16821 | Lair:4   | Found a staircase to the Snake Pit.
 16858 | Lair:4   | Reached ***** piety under Makhleb
 17222 | Lair:5   | Got a faintly humming chain mail
 18057 | Lair:6   | Entered Level 6 of the Lair of Beasts
 18299 | Lair:6   | Reached skill level 5 in Crossbows
 18841 | D:13     | Found a gate to the Vaults.
 18958 | D:13     | Identified the cursed +1 chain mail "Afrim" {rC+ Int-4
                  | Dex+3 Stlth+} (You found it on level 5 of the Lair of
                  | Beasts)
 19161 | D:13     | Found a portal to a secret trove of treasure.
 19519 | D:13     | Learned a level 2 spell: Blink
 19617 | D:13     | Reached skill level 10 in Crossbows
 19675 | D:15     | Entered Level 15 of the Dungeon
 19719 | D:14     | Found a blossoming altar of Fedhas.
 19741 | D:14     | Reached skill level 1 in Translocations
 19966 | D:14     | Found the +6 shillelagh "Devastator" {shatter}
 20078 | D:14     | Learned a level 1 spell: Apportation
 20312 | D:14     | Reached skill level 2 in Spellcasting
 20576 | D:14     | Noticed an iron dragon
 20993 | Lair:6   | Gained mutation: You resist negative energy. (rN+) [Deep
                  | Dwarf growth]
 20993 | Lair:6   | Reached XP level 14. HP: 132/132 MP: 15/15
 21038 | Lair:6   | Reached skill level 5 in Translocations
 21924 | Lair:6   | Reached skill level 5 in Dodging
 22001 | Lair:6   | Found a staircase to the Slime Pits.
 22755 | Lair:5   | Identified the +4 quarterstaff of the Harvest {drain, rPois
                  | Int+6} (You found it on level 2 of the Lair of Beasts)
 22892 | Orc:1    | Entered Level 1 of the Orcish Mines
 23019 | Orc:2    | Entered Level 2 of the Orcish Mines
 23092 | Orc:2    | Noticed Nessos
 23094 | Orc:2    | Nessos changed into something unseen
 23119 | Orc:2    | Killed Nessos the unseen horror
 23150 | Orc:2    | Found a staircase to the Elven Halls.
 23336 | Orc:2    | Noticed an orc warlord
 23434 | Orc:2    | Reached ****** piety under Makhleb
 23457 | Orc:2    | Killed an orc warlord
 23641 | Orc:2    | Found Gyipyrch's General Store.
 23641 | Orc:2    | Found Uxymach's Book Shop.
 23646 | Orc:2    | Bought a scroll of identify for 24 gold pieces
 23695 | Orc:2    | Found a roughly hewn altar of Beogh.
 23848 | Orc:2    | Found Okkeu's Magic Scroll Emporium.
 23848 | Orc:2    | Found Toschu's Weapon Shop.
 23865 | Orc:2    | Bought a scroll of identify for 24 gold pieces
 23865 | Orc:2    | Bought a scroll of teleportation for 36 gold pieces
 23865 | Orc:2    | Bought a scroll of remove curse for 36 gold pieces
 23865 | Orc:2    | Bought a scroll of identify for 24 gold pieces
 23865 | Orc:2    | Bought a scroll of silence for 90 gold pieces
 23865 | Orc:2    | Bought a scroll of blinking for 90 gold pieces
 24065 | Orc:1    | Reached XP level 15. HP: 143/144 MP: 16/16
 24221 | Orc:1    | Found a transporter.
 24416 | Orc:2    | Bought a scroll of brand weapon for 240 gold pieces
 24416 | Orc:2    | Bought a scroll of enchant weapon for 90 gold pieces
 24420 | Orc:2    | Bought a scroll of remove curse for 36 gold pieces
 24461 | Orc:2    | Bought a scroll of holy word for 90 gold pieces
 24713 | D:7      | Identified the cursed +1 chain mail "Iffoahen" {MR+} (You
                  | found it on level 7 of the Dungeon)
 24893 | Orc:2    | Bought a +0 hand crossbow for 42 gold pieces
 25669 | D:15     | Found a staircase to the Depths.
 25670 | D:15     | Noticed a fire giant
 26339 | D:15     | Killed a fire giant
 26586 | Shoals:1 | Entered Level 1 of the Shoals
 26673 | Shoals:1 | Noticed Kirke
 26714 | Shoals:1 | Noticed a sphinx
 26719 | Shoals:1 | Noticed Frances
 26840 | Shoals:1 | Killed Kirke
 26906 | Shoals:1 | Killed Frances
 27224 | Shoals:1 | Reached skill level 10 in Dodging
 28101 | Shoals:2 | Noticed a kraken
 28240 | Shoals:2 | Killed a kraken
 28419 | Shoals:3 | Noticed a kraken
 28553 | Shoals:3 | Reached XP level 16. HP: 138/154 MP: 13/13
 28599 | Shoals:3 | Killed a kraken
 29207 | Shoals:4 | Entered Level 4 of the Shoals
 29743 | D:5      | Bought a potion of curing for 42 gold pieces
 29743 | D:5      | Bought a potion of ambrosia for 112 gold pieces
 29743 | D:5      | Bought a potion of mutation for 112 gold pieces
 29743 | D:5      | Bought a potion of lignification for 42 gold pieces
 29743 | D:5      | Bought a potion of lignification for 42 gold pieces
 29743 | D:5      | Bought 2 potions of lignification for 84 gold pieces
 31661 | Shoals:4 | Reached skill level 10 in Armour
 32274 | Shoals:4 | Noticed Polyphemus
 32312 | Shoals:4 | Killed Polyphemus
 32312 | Shoals:4 | Reached skill level 15 in Invocations
 32639 | Shoals:4 | Noticed a kraken
 33102 | Shoals:4 | Killed a kraken
 33115 | Shoals:4 | Got a barnacled rune of Zot
 33445 | Vaults:1 | Entered Level 1 of the Vaults
 34112 | Vaults:1 | Reached skill level 3 in Spellcasting
 34371 | Elf:1    | Entered Level 1 of the Elven Halls
 34371 | Elf:1    | Found Inim's General Store.
 34375 | Elf:1    | Bought a +2 buckler of positive energy for 259 gold pieces
 34375 | Elf:1    | Bought a scroll of fear for 49 gold pieces
 34375 | Elf:1    | Bought a potion of lignification for 42 gold pieces
 34423 | Elf:1    | Reached XP level 17. HP: 150/166 MP: 8/8
 34561 | Elf:1    | Reached skill level 4 in Spellcasting
 34585 | Elf:1    | Found Cib Osef's Jewellery Boutique.
 34815 | Elf:1    | Bought a +5 ring of evasion for 660 gold pieces
 34996 | Elf:1    | Found Deocielug's Armour Boutique.
 35564 | Elf:2    | Found Mill's Food Emporium.
 35825 | Elf:2    | Reached skill level 15 in Long Blades
 36387 | Snake:1  | Entered Level 1 of the Snake Pit
 37501 | Snake:1  | Found Piytz's Assorted Antiques.
 37509 | Snake:1  | Bought a pearl ring for 140 gold pieces
 37696 | Snake:2  | Noticed Vashnia
 37724 | Snake:2  | Killed Vashnia
 38580 | Snake:2  | Found a runed translucent door.
 38581 | Snake:2  | Noticed Xitaol's ghost (adept SpEn)
 38971 | Snake:2  | Gained mutation: You passively map a large area around you.
                  | [Deep Dwarf growth]
 38971 | Snake:2  | Reached XP level 18. HP: 134/175 MP: 9/9
 39742 | Snake:3  | Found Agitz's Weapon Boutique.
 40263 | Snake:3  | Identified the +1 ring mail of Axkon {Regen+ Str+6 Stlth-}
                  | (You found it on level 3 of the Snake Pit)
 40947 | Snake:4  | Entered Level 4 of the Snake Pit
 42363 | Snake:1  | Bought a scroll of enchant weapon for 210 gold pieces
 43979 | Snake:4  | Reached XP level 19. HP: 174/182 MP: 8/8
 45230 | Snake:4  | Got a serpentine rune of Zot
 48314 | Vaults:2 | Reached skill level 5 in Spellcasting
 48743 | Vaults:2 | Reached skill level 6 in Spellcasting
 48871 | Vaults:2 | Reached XP level 20. HP: 190/190 MP: 6/6
 48927 | Vaults:2 | Found Bayn's Jewellery Shoppe.
 48940 | Vaults:2 | Reached skill level 7 in Spellcasting
 49561 | Vaults:2 | Reached skill level 8 in Spellcasting
 50313 | Vaults:3 | Found a staircase to the Crypt.
 50562 | Vaults:3 | Reached skill level 15 in Fighting
 51511 | Vaults:4 | Found a magical portal.
 51533 | WizLab   | Entered The Roulette of Golubria
 51533 | WizLab   | Found a transporter.
 51536 | WizLab   | Found a corrupted altar of Lugonu.
 51579 | WizLab   | Found a transporter.
 51610 | WizLab   | Found a transporter.
 51625 | WizLab   | Found a transporter.
 51665 | WizLab   | Found a transporter.
 51682 | WizLab   | Found a transporter.
 51749 | WizLab   | Found a transporter.
 51776 | WizLab   | Found a corrupted altar of Lugonu.
 51779 | WizLab   | Found a transporter.
 51860 | WizLab   | Found a transporter.
 51860 | WizLab   | Found a transporter.
 51869 | WizLab   | Found a transporter.
 51941 | WizLab   | Gained mutation: You are dopey. (Int -2) [a neqoxec]
 51946 | WizLab   | Found a transporter.
 51996 | WizLab   | Got a crude cloak
 51997 | WizLab   | Identified the cursed -4 cloak of the Evening Star {Dex+2}
                  | (You found it in a wizard's laboratory)
 52323 | Vaults:4 | Found Ownielap's Assorted Antiques.
 52343 | Vaults:4 | Bought a scroll of teleportation for 111 gold pieces
 52343 | Vaults:4 | Bought a potion of might for 148 gold pieces
 52343 | Vaults:4 | Bought a potion of heal wounds for 185 gold pieces
 52343 | Vaults:4 | Bought a bloodstained chain mail for 351 gold pieces
 52343 | Vaults:4 | Bought a glowing plate armour for 962 gold pieces
 52343 | Vaults:4 | Identified the cursed +1 chain mail of the Learner {rN++
                  | Str-4} (You bought it in a shop on level 4 of the Vaults)
 52519 | Vaults:4 | Reached XP level 21. HP: 185/201 MP: 5/5
 52597 | Vaults:4 | Reached skill level 15 in Crossbows
 53168 | Vaults:4 | Reached skill level 9 in Spellcasting
 53655 | Vaults:4 | Found a large runed translucent door.
 53657 | Vaults:4 | Found a large runed translucent door.
 53658 | Vaults:4 | Noticed TrashTierHero's ghost (veteran FoFi)
 53668 | Vaults:4 | Killed TrashTierHero's ghost
 54824 | Depths:1 | Entered Level 1 of the Depths
 54939 | Depths:1 | Found a gateway to Hell.
 56477 | Depths:2 | Found Aqusuepp's Book Shoppe.
 56485 | Depths:2 | Found Leraqiy's Jewellery Boutique.
 56486 | Depths:2 | Found Imuycoid's Gadget Shoppe.
 56486 | Depths:2 | Found Zeliusch's Gadget Shoppe.
 56529 | Depths:2 | Found Yskum's Armour Boutique.
 56615 | Depths:2 | Found Cifamnah's Antique Armour Emporium.
 56844 | Depths:2 | Found Edo Dach's General Store.
 57448 | Depths:2 | Found a one-way gate to the infinite horrors of the Abyss.
 58091 | Depths:2 | Identified the +1 morningstar of Inox {crush, rPois rC-
                  | Str+7 Stlth+} (You found it on level 2 of the Depths)
 58296 | Depths:3 | Reached XP level 22. HP: 210/210 MP: 6/6
 58297 | Depths:3 | Found a runed translucent door.
 58361 | Depths:3 | Noticed a caustic shrike
 58395 | Depths:3 | Noticed a caustic shrike
 58409 | Depths:3 | Killed a caustic shrike
 58705 | Depths:3 | Identified the ring of Maor {+Inv +Fly}
 59178 | Depths:3 | Noticed a caustic shrike
 59189 | Depths:3 | Killed a caustic shrike
 59385 | Depths:3 | Identified the ring "Qezxext" {+Fly rPois MR+}
 59625 | Depths:3 | Killed a caustic shrike
 59930 | Depths:3 | Noticed a caustic shrike
 59948 | Depths:3 | Killed a caustic shrike
 60055 | Depths:3 | Found a runed translucent door.
 60069 | Depths:3 | Found a blossoming altar of Fedhas.
 60427 | Depths:3 | Found the +8 lance "Wyrmbane" {slay drac, rPois rF+ rC+
                  | AC+3}
 60511 | Depths:3 | Found a one-way gate leading to the halls of Pandemonium.
 60574 | Depths:3 | Reached skill level 1 in Polearms
 61068 | Depths:3 | Noticed a juggernaut
 61070 | Depths:3 | Noticed a caustic shrike
 61077 | Depths:3 | Reached XP level 23. HP: 175/217 MP: 6/6
 61266 | Depths:3 | Paralysed by a lich for 3 turns
 61329 | Depths:3 | Killed a juggernaut
 61329 | Depths:3 | Reached skill level 5 in Polearms
 61557 | Depths:3 | Got a wavering glass ring
 61558 | Depths:3 | Identified the ring of Suveorea {Fire Dex+4 Slay+2} (You
                  | found it on level 3 of the Depths)
 61627 | Depths:3 | Killed a caustic shrike
 61712 | Depths:2 | Bought the ring "Jypnibua" {Fire +Inv rN+} for 648 gold
                  | pieces
 62242 | Depths:4 | Noticed Jory
 62269 | Depths:4 | Killed Jory
 62357 | Depths:4 | Reached skill level 10 in Polearms
 62833 | Depths:4 | Noticed an ancient lich
 62845 | Depths:4 | Killed an ancient lich
 63435 | Depths:4 | Identified the +0 animal skin "Lovud" {SInv} (You acquired
                  | it on level 4 of the Depths)
 63820 | Depths:5 | Entered Level 5 of the Depths
 63945 | Depths:5 | Found Vahay's Armour Boutique.
 63959 | Depths:5 | Identified the +4 war axe "Miusolush" {speed, rElec rPois
                  | MP+9} (You found it on level 5 of the Depths)
 64102 | Depths:5 | Reached skill level 10 in Spellcasting
 64110 | Depths:5 | Noticed a juggernaut
 64127 | Depths:5 | Killed a juggernaut
 64415 | Depths:5 | Found a gateway to a ziggurat.
 64633 | Depths:5 | Reached skill level 11 in Spellcasting
 64953 | Depths:5 | Reached XP level 24. HP: 217/225 MP: 5/5
 65054 | Depths:5 | Found a gate to the Realm of Zot.
 65512 | Depths:2 | Bought a wand of clouds (5) for 405 gold pieces
 65516 | Depths:2 | Bought a wand of acid (8) for 336 gold pieces
 65938 | Snake:3  | Bought 2 throwing nets for 84 gold pieces
 66428 | Depths:2 | Bought a pair of runed gloves for 367 gold pieces
 66813 | Depths:2 | Reached skill level 12 in Spellcasting
 67723 | Depths:2 | Bought 2 potions of might for 128 gold pieces
 67723 | Depths:2 | Bought a scroll of identify for 32 gold pieces
 68839 | Vaults:5 | Entered Level 5 of the Vaults
 69003 | Vaults:5 | Identified the +2 trident of the Penguin {holy, rN+ Stlth+}
 69053 | Vaults:5 | Reached skill level 13 in Spellcasting
 69556 | Vaults:5 | Identified the +4 flail "Waatu" {crush, rElec MR+ Str-2}
 70008 | Vaults:5 | Noticed Mennas
 70479 | Vaults:5 | Reached skill level 14 in Spellcasting
 70750 | Vaults:5 | Reached XP level 25. HP: 232/232 MP: 7/7
 71071 | Vaults:5 | Reached skill level 15 in Armour
 71442 | Vaults:5 | Reached skill level 15 in Dodging
 71530 | Vaults:5 | Got a silver rune of Zot
 71572 | Vaults:5 | Identified the ring of Yzederi {Int+7 Stlth-}
 71884 | Vaults:5 | Killed Mennas
 71884 | Vaults:5 | Reached skill level 5 in Throwing
 72580 | Zot:1    | Entered Level 1 of the Realm of Zot
 73045 | Zot:1    | Noticed an orb of fire
 73058 | Zot:1    | Killed an orb of fire
 73731 | Zot:1    | Reached skill level 10 in Throwing
 74465 | Zot:1    | Noticed an orb of fire
 74605 | Zot:2    | Noticed a juggernaut
 74775 | Zot:2    | Noticed an orb of fire
 74799 | Zot:2    | Killed an orb of fire
 74799 | Zot:2    | Reached skill level 15 in Spellcasting
 74851 | Zot:2    | Reached XP level 26. HP: 241/241 MP: 6/6
 75119 | Zot:2    | Killed a juggernaut
 75119 | Zot:2    | Reached skill level 16 in Spellcasting
 76580 | Depths:2 | Bought a wand of acid (9) for 416 gold pieces
 76947 | Snake:1  | Bought a bone wand for 112 gold pieces
 77634 | Zot:3    | Reached skill level 17 in Spellcasting
 78627 | Zot:3    | Reached skill level 18 in Spellcasting
 80096 | Zot:5    | Entered Level 5 of the Realm of Zot
 80349 | Zot:5    | Reached XP level 27. HP: 248/248 MP: 8/8
 80471 | Zot:5    | Reached skill level 19 in Spellcasting
 80912 | Zot:5    | Noticed an ancient lich
 80921 | Zot:5    | Noticed an orb of fire
 80922 | Zot:5    | Gained mutation: Scrolls take you a little longer to read.
                  | [an orb of fire]
 80922 | Zot:5    | Noticed an ancient lich
 80923 | Zot:5    | Lost mutation: You are dopey. (Int -2) [potion of mutation]
 80923 | Zot:5    | Lost mutation: Scrolls take you a little longer to read.
                  | [potion of mutation]
 80923 | Zot:5    | Gained mutation: You are partially covered in thin metallic
                  | scales. (AC +2) [potion of mutation]
 80923 | Zot:5    | Gained mutation: You possess an exceptional clarity of
                  | mind. [potion of mutation]
 80931 | Zot:5    | Noticed an orb of fire
 80934 | Zot:5    | Gained mutation: Your spells are a little easier to cast,
                  | but a little less powerful. [an orb of fire]
 80936 | Zot:5    | Gained mutation: Potions are less effective at restoring
                  | your health. [an orb of fire]
 80937 | Zot:5    | Noticed an ancient lich
 80937 | Zot:5    | Noticed an orb of fire
 80945 | Zot:5    | Gained mutation: You expend magic power (3 MP) to
                  | strengthen your wands. [an orb of fire]
 80952 | Zot:5    | Gained mutation: You are clumsy. (Dex -2) [an orb of fire]
 80954 | Zot:5    | Noticed an orb of fire
 80955 | Zot:5    | Noticed an orb of fire
 80956 | Zot:5    | Gained mutation: Your body sometimes deteriorates upon
                  | taking damage. [an orb of fire]
 80965 | Zot:5    | Gained mutation: You are weak. (Str -2) [an orb of fire]
 82295 | Elf:2    | Found a runed translucent gate.
 82296 | Elf:2    | Found a runed translucent gate.
 82306 | Elf:2    | Found a runed translucent gate.
 82539 | Elf:3    | Entered Level 3 of the Elven Halls
 82541 | Elf:3    | Lost mutation: You are weak. (Str -2) [potion of mutation]
 82541 | Elf:3    | Lost mutation: You expend magic power (3 MP) to strengthen
                  | your wands. [potion of mutation]
 82541 | Elf:3    | Lost mutation: You possess an exceptional clarity of mind.
                  | [potion of mutation]
 82541 | Elf:3    | Gained mutation: You occasionally shout uncontrollably at
                  | your foes. [potion of mutation]
 82541 | Elf:3    | Gained mutation: You evolve. [potion of mutation]
 82609 | Elf:3    | Found Nosmamn's Armour Shop.
 82808 | Elf:3    | Reached skill level 20 in Spellcasting
 83691 | Elf:3    | Identified the +7 great sword of Greed {slice, Dex+8}
 83710 | Elf:3    | Identified the +5 spear of Ymatsoxt {venom, +Fly rF+++ MR+
                  | Stlth-}
 84402 | Elf:3    | Identified the cursed +1 chain mail "Enuloora" {+Inv MR+
                  | Int+2 Dex-3}
 85141 | Elf:3    | Identified the amulet "Jumong" {Inacc *Corrode MP+9 Dex+4}
                  | (You found it on level 3 of the Elven Halls)
 85143 | Elf:3    | Identified the +9 chain mail of Yddoju {Str+6} (You found
                  | it on level 3 of the Elven Halls)
 85153 | Elf:3    | Identified Sif Muna's Tome of Fire
 85528 | Depths:2 | Bought a glowing plate armour for 1274 gold pieces
 85686 | Depths:2 | Bought a box of beasts for 300 gold pieces
 85763 | Hell     | Entered the Vestibule of Hell
 85763 | Hell     | Noticed Geryon
 85787 | Hell     | Killed Geryon
 86059 | Depths:3 | Gained mutation: You are covered in fur. (AC +1)
                  | [evolution]
 86505 | D:13     | You paid a toll of the horn of Geryon to enter a treasure
                  | trove
 86506 | Trove    | Entered a treasure trove
 86511 | Trove    | Identified the cursed +0 ice dragon scales of Autotheism
                  | {rElec rF- rC++ Regen+ Int+4} (You found it in a treasure
                  | trove)
 86515 | Trove    | Identified the -6 hat "Moptatos" {rF+} (You found it in a
                  | treasure trove)
 86517 | Trove    | Identified the +1 buckler "Semogg" {Int+3} (You found it in
                  | a treasure trove)
 86520 | Trove    | Identified the +1 chain mail of the Equinox {Int+2 Dex+4}
                  | (You found it in a treasure trove)
 86803 | Vaults:4 | Bought a scroll of noise for 37 gold pieces
 87373 | Zot:5    | Gained mutation: You are frail. (-10% HP) [an orb of fire]
 87386 | Zot:5    | Killed an orb of fire
 87389 | Zot:5    | Lost mutation: You are clumsy. (Dex -2) [potion of
                  | mutation]
 87389 | Zot:5    | Lost mutation: You are covered in fur. (AC +1) [potion of
                  | mutation]
 87389 | Zot:5    | Lost mutation: Your body sometimes deteriorates upon taking
                  | damage. [potion of mutation]
 87389 | Zot:5    | Gained mutation: You possess an exceptional clarity of
                  | mind. [potion of mutation]
 87389 | Zot:5    | Gained mutation: You are agile. (Dex +2) [potion of
                  | mutation]
 87389 | Zot:5    | Gained mutation: Your flesh is cold resistant. (rC+)
                  | [potion of mutation]
 87503 | Zot:5    | Noticed an ancient lich
 87511 | Zot:5    | Noticed an orb of fire
 87523 | Zot:5    | Gained mutation: Your spells are easier to cast, but less
                  | powerful. [an orb of fire]
 87543 | Zot:4    | Killed an orb of fire
 87602 | Zot:5    | Noticed an orb of fire
 87912 | Zot:5    | Noticed an orb of fire
 87992 | Zot:5    | Killed an ancient lich
 88030 | Zot:5    | Killed an orb of fire
 88030 | Zot:5    | Reached skill level 21 in Spellcasting
 88055 | Zot:5    | Killed an ancient lich
 88064 | Zot:5    | Gained mutation: You sometimes yell uncontrollably at your
                  | foes. [an orb of fire]
 88073 | Zot:5    | Killed an orb of fire
 88086 | Zot:5    | Killed an orb of fire
 88187 | Zot:5    | Gained mutation: You are weak. (Str -2) [an orb of fire]
 88188 | Zot:5    | Lost mutation: You evolve. [an orb of fire]
 88195 | Zot:5    | Gained mutation: Your spells are much easier to cast, but
                  | much less powerful. [an orb of fire]
 88197 | Zot:5    | Gained mutation: You frequently scream uncontrollably at
                  | your foes. [an orb of fire]
 88218 | Zot:5    | Killed an orb of fire
 88225 | Zot:5    | Killed an ancient lich
 88233 | Zot:5    | Gained mutation: Potions are poor at restoring your health.
                  | [an orb of fire]
 88234 | Zot:5    | Gained mutation: You are very weak. (Str -4) [an orb of
                  | fire]
 88237 | Zot:5    | Gained mutation: You are occasionally teleported next to
                  | monsters. [an orb of fire]
 88242 | Zot:5    | Lost mutation: You are partially covered in thin metallic
                  | scales. (AC +2) [potion of mutation]
 88242 | Zot:5    | Lost mutation: You are frail. (-10% HP) [potion of
                  | mutation]
 88242 | Zot:5    | Gained mutation: Your magical capacity is low. (-10% MP)
                  | [potion of mutation]
 88242 | Zot:5    | Gained mutation: You are robust. (+10% HP) [potion of
                  | mutation]
 88243 | Zot:5    | Lost mutation: Potions are poor at restoring your health.
                  | [potion of mutation]
 88243 | Zot:5    | Lost mutation: You are robust. (+10% HP) [potion of
                  | mutation]
 88243 | Zot:5    | Lost mutation: You are very weak. (Str -4) [potion of
                  | mutation]
 88243 | Zot:5    | Lost mutation: Your spells are much easier to cast, but
                  | much less powerful. [potion of mutation]
 88244 | Zot:5    | Lost mutation: Your flesh is cold resistant. (rC+) [potion
                  | of mutation]
 88244 | Zot:5    | Lost mutation: You possess an exceptional clarity of mind.
                  | [potion of mutation]
 88244 | Zot:5    | Lost mutation: You frequently scream uncontrollably at your
                  | foes. [potion of mutation]
 88244 | Zot:5    | Gained mutation: Your body sometimes deteriorates upon
                  | taking damage. [potion of mutation]
 88244 | Zot:5    | Lost mutation: You are weak. (Str -2) [potion of mutation]
 88244 | Zot:5    | Gained mutation: You have a pair of small horns on your
                  | head. [potion of mutation]
 88289 | Zot:4    | Lost mutation: Your magical capacity is low. (-10% MP)
                  | [potion of mutation]
 88289 | Zot:4    | Lost mutation: You have a pair of small horns on your head.
                  | [potion of mutation]
 88289 | Zot:4    | Lost mutation: You are agile. (Dex +2) [potion of mutation]
 88289 | Zot:4    | Gained mutation: You have large cloven feet. [potion of
                  | mutation]
 88290 | Zot:4    | Lost mutation: Your body sometimes deteriorates upon taking
                  | damage. [potion of mutation]
 88290 | Zot:4    | Lost mutation: Your spells are easier to cast, but less
                  | powerful. [potion of mutation]
 88290 | Zot:4    | Lost mutation: You have large cloven feet. [potion of
                  | mutation]
 88290 | Zot:4    | Gained mutation: You are clumsy. (Dex -2) [potion of
                  | mutation]
 88290 | Zot:4    | Gained mutation: You are resistant to hostile enchantments.
                  | (MR+) [potion of mutation]
 88388 | Zot:5    | Noticed an ancient lich
 88631 | Zot:5    | Gained mutation: Your spells are easier to cast, but less
                  | powerful. [an orb of fire]
 88635 | Zot:5    | Gained mutation: You possess an exceptional clarity of
                  | mind. [an orb of fire]
 88637 | Zot:5    | Lost mutation: You are clumsy. (Dex -2) [an orb of fire]
 88643 | Zot:5    | Killed an orb of fire
 88751 | Zot:5    | Killed an ancient lich
 88751 | Zot:5    | Reached skill level 22 in Spellcasting
 88934 | Zot:5    | Gained mutation: Your body sometimes deteriorates upon
                  | taking damage. [an orb of fire]
 88937 | Zot:5    | Killed an orb of fire
 88944 | Zot:5    | Killed an ancient lich
 89129 | Zot:5    | Got the Orb of Zot
 89261 | Zot:3    | Noticed Liojigos the pandemonium lord
 89474 | Depths:1 | Reached skill level 23 in Spellcasting
 89482 | Depths:1 | Noticed Jetexzunt the pandemonium lord
 89659 | D:9      | Noticed Xyzy the pandemonium lord
 89667 | D:9      | Killed Xyzy the pandemonium lord
 89693 | D:9      | Mangled by an Orb Guardian

Skill      XL: |  1  2  3  4  5  6  7  8  9 10 11 12 13 14 15 16 17 18 19 20 21 22 23 24 25 26 27 |
---------------+----------------------------------------------------------------------------------+-----
Short Blades   | 1 2 3 4 |  4.0
Fighting       | 2 3 5 7 10 12 14 15 | 15.0
Armour         | 4 8 10 13 14 15 | 15.0
Long Blades    | 3 7 10 13 17 19 20 | 20.4
Throwing       | 3 4 10 12 | 12.0
Invocations    | 8 10 11 14 16 20 | 20.5
Evocations     | 7 10 14 | 14.3
Dodging        | 4 8 12 13 14 15 16 | 16.0
Crossbows      | 10 11 14 18 | 18.4
Translocations | 4 5 |  5.0
Spellcasting   | 2 3 4 6 8 9 11 14 15 18 23 | 23.1
Stealth        | 3 |  3.1
Polearms       | 3 13 | 13.3
Unarmed Combat | |  1.7
Ice Magic      | |  1.0

Action                   |  1- 3 |  4- 6 |  7- 9 | 10-12 | 13-15 | 16-18 | 19-21 | 22-24 | 25-27 || total
-------------------------+-------+-------+-------+-------+-------+-------+-------+-------+-------++-------
Melee: Dagger            |   116 |   254 |    91 |       |       |       |       |       |       ||   461
       Punch             |     1 |     3 |     2 |     7 |    13 |    14 |    12 |     6 |    14 ||    72
       Falchion          |       |       |   271 |   695 |    38 |       |       |       |       ||  1004
       Scimitar          |       |       |       |    46 |   198 |    14 |     9 |       |       ||   267
       Demon blade       |       |       |       |       |  1217 |  2223 |  1275 |    81 |       ||  4796
       Great sword       |       |       |       |       |     1 |    29 |   891 |  1170 |   747 ||  2838
       Lance             |       |       |       |       |       |       |       |   215 |  1182 ||  1397
 Fire: Arbalest          |       |       |       |       |     3 |       |    98 |   520 |   584 ||  1205
       Hand crossbow     |       |       |       |       |     7 |    38 |     9 |       |       ||    54
Throw: Stone             |       |    23 |       |     1 |       |     1 |       |       |       ||    25
       Tomahawk          |       |       |     1 |       |       |    18 |       |       |       ||    19
       Javelin           |       |       |     4 |    26 |    17 |    91 |    20 |     1 |       ||   159
       Throwing net      |       |       |       |     5 |     3 |       |       |     4 |    10 ||    22
 Cast: Apportation       |       |       |       |       |    17 |     2 |     2 |     3 |    13 ||    37
       Blink             |       |       |       |       |     2 |     2 |     2 |     3 |     7 ||    16
Invok: Lesser Servant of |       |       |       |     9 |    13 |     3 |       |       |       ||    25
       Greater Servant o |       |       |       |       |     2 |     6 |     1 |     2 |     4 ||    15
       Major Destruction |       |       |       |       |       |    11 |       |       |       ||    11
 Abil: Heal Wounds       |     3 |     7 |     4 |     8 |    21 |    34 |    35 |    24 |    30 ||   166
       Evoke Berserk Rag |       |       |       |       |       |     3 |    18 |    31 |    22 ||    74
       Evoke Invisibilit |       |       |       |       |       |       |       |       |     1 ||     1
       Evoke Flight      |       |       |       |       |       |       |       |       |     1 ||     1
Evoke: Wand              |     2 |    13 |    12 |    35 |   127 |    31 |    15 |    30 |    76 ||   341
       Phantom mirror    |       |       |       |       |     1 |       |       |     2 |       ||     3
       Lightning rod     |       |       |       |       |       |     4 |     9 |     4 |       ||    17
       Phial of floods   |       |       |       |       |       |       |     1 |     2 |     7 ||    10
       Lamp of fire      |       |       |       |       |       |       |     1 |     8 |     6 ||    15
       Box of beasts     |       |       |       |       |       |       |       |       |     4 ||     4
  Use: Scroll            |       |     6 |    16 |    17 |    28 |    11 |    14 |    22 |    25 ||   139
       Potion            |       |     4 |     5 |    14 |     3 |    12 |     9 |    12 |    30 ||    89
 Stab: Sleeping          |     4 |     6 |       |       |       |       |       |       |       ||    10
       Paralysed         |       |     2 |       |       |       |       |       |       |     2 ||     4
       Invisible         |       |       |     6 |       |       |       |     4 |       |     3 ||    13
       Held in net/web   |       |       |       |     1 |     1 |       |       |     4 |     8 ||    14
       Distracted        |       |       |       |       |     2 |     2 |       |       |     2 ||     6
       Petrified         |       |       |       |       |       |    14 |       |       |       ||    14
  Eat: Chunk             |     1 |     9 |     8 |    31 |    28 |    18 |    44 |    38 |    19 ||   196
       Ration            |       |       |     2 |     1 |     3 |    11 |     6 |     9 |    19 ||    51
Armor: Robe              |    17 |    45 |     7 |       |       |       |       |       |       ||    69
       Skin              |       |    12 |       |       |       |       |       |       |       ||    12
       Scale mail        |       |       |   152 |   404 |   562 |   328 |    46 |       |       ||  1492
       Chain mail        |       |       |       |       |    22 |   301 |   284 |       |       ||   607
       Ice dragon scales |       |       |       |       |       |       |   172 |       |       ||   172
       Plate armour      |       |       |       |       |       |       |   158 |   200 |       ||   358
       Quicksilver drago |       |       |       |       |       |       |       |    97 |       ||    97
       Storm dragon scal |       |       |       |       |       |       |       |   220 |   924 ||  1144
Dodge: Dodged            |    56 |   128 |   158 |   409 |   749 |  1321 |  1330 |   868 |  1527 ||  6546
       Deflected         |       |       |       |       |    41 |   206 |    90 |    72 |    72 ||   481
       Rpst.: Falchion   |       |       |    33 |   100 |     6 |       |       |       |       ||   139
       Scimitar          |       |       |       |    13 |    20 |       |     2 |       |       ||    35
       Demon blade       |       |       |       |       |   161 |   244 |   179 |     9 |       ||   593
       Great sword       |       |       |       |       |     1 |     1 |   109 |   131 |   167 ||   409
